 Dungeon Crawl Stone Soup version 0.17.1-1-g73c8601 (webtiles) character file.

249857 Peloso the Minotaur Blade (level 18, 0/172 HPs)
             Began as a Minotaur Fighter on Dec 15, 2015.
             Was the Champion of Okawaru.
             Killed from afar by a starcursed mass (8 damage)
             ... with an accursed screaming
             ... on level 1 of the Abyss on Dec 16, 2015.
             The game lasted 03:00:32 (38086 turns).

Peloso the Minotaur Blade (Minotaur Fighter)       Turns: 38086, Time: 03:00:32

Health: 0/172      AC: 28    Str: 39    XL:     18   Next: 89%
Magic:  0/18       EV: 17    Int:  3    God:    Okawaru [******]
Gold:   3491       SH: 13    Dex: 22    Spells: 0 memorised, 17 levels left

rFire  + . .     SeeInvis .     g - +1 scimitar (flame)
rCold  + + .     Clarity  .     O - +0 plate armour of Distant Shores {rPois rC++ Regen+ Int-2}
rNeg   + . .     SustAt   .     S - -6 shield "Haufiutie" {+Inv rElec Regen+ Dex-2}
rPois  +         Gourm    .     (helmet restricted)
rElec  +         Spirit   +     Q - +2 cloak {MR+}
rCorr  .         Warding  .     I - +1 pair of gloves
rMut   .         NoTele   +     R - +2 pair of boots of the Assassin {DetectMon Stab+ Stlth++}
MR     +....                    C - amulet "Plog" {Spirit rPois MR- Dex+8}
Stlth  ..........               G - +3 ring of dexterity
                                B - ring "Teryinne" {-Tele rElec rN+ Str+8}

@: mighty, very slightly contaminated, non-regenerating, diseased, somewhat
resistant to hostile enchantments, extremely unstealthy
A: retaliatory headbutt, horns 2, fire resistance 1
a: Heroism, Finesse, Renounce Religion, Evoke Invisibility
}: 2/15 runes: decaying, gossamer


You were on level 1 of the Abyss.
You worshipped Okawaru.
Okawaru was exalted by your worship.
You were very hungry.

You visited 7 branches of the dungeon, and saw 37 of its levels.
You visited the Abyss 1 time.
You also visited: Labyrinth and Ice Cave.

You collected 3843 gold pieces.
You spent 352 gold pieces at shops.

Inventory:

Hand Weapons
 a - the +4 scimitar of Oplyan {venom, rN+ MR- Int+2}
   (Okawaru gifted it to you on level 12 of the Dungeon)

   It poisons the flesh of those it strikes.
   It affects your intelligence (+2).
   It protects you from negative energy.
   It affects your resistance to hostile enchantments.
 b - a +2 long sword of electrocution
 g - a +1 scimitar of flaming (weapon)
Armour
 I - a +1 pair of gloves (worn)
 O - the +0 plate armour of Distant Shores (worn) {rPois rC++ Regen+ Int-2}
   (Okawaru gifted it to you on level 13 of the Dungeon)

   It affects your intelligence (-2).
   It greatly protects you from cold.
   It protects you from poison.
   It increases your rate of regeneration.
 Q - a +2 cloak of magic resistance (worn)
 R - the +2 pair of boots of the Assassin (worn) {DetectMon Stab+ Stlth++}
   (You bought it in a shop on level 13 of the Dungeon)

   It makes you much more stealthy.
 S - the -6 shield "Haufiutie" (worn) {+Inv rElec Regen+ Dex-2}
   (You acquired it on level 5 of the Lair of Beasts)

   It affects your dexterity (-2).
   It insulates you from electricity.
   It lets you turn invisible.
   It increases your rate of regeneration.
Jewellery
 h - an uncursed ring of poison resistance
 j - an uncursed amulet of regeneration
 B - the ring "Teryinne" (left hand) {-Tele rElec rN+ Str+8}
   (You found it in a labyrinth)

   [ring of positive energy]

   It affects your strength (+8).
   It insulates you from electricity.
   It protects you from negative energy.
   It prevents most forms of teleportation.
 C - the amulet "Plog" (around neck) {Spirit rPois MR- Dex+8}
   (You found it on level 1 of the Elven Halls)

   [amulet of guardian spirit]

   It causes incoming damage to be split between your health and magic.
   It affects your dexterity (+8).
   It protects you from poison.
   It affects your resistance to hostile enchantments.
 G - a +3 ring of dexterity (right hand)
Wands
 d - a wand of digging (6)
 m - a wand of cold (6)
 D - a wand of fireball (6)
 W - a wand of teleportation (4)
Scrolls
 f - 4 scrolls of magic mapping
 i - 13 scrolls of teleportation
 k - 10 scrolls of remove curse
 p - a scroll of enchant weapon
 s - 2 scrolls of fear
 t - 2 scrolls of enchant armour
 y - a scroll of fog
 H - a scroll of summoning
 J - a scroll of silence
 L - a scroll of blinking
 M - 8 scrolls of identify
 U - 5 scrolls of recharging
Potions
 o - 2 potions of might
 q - 6 potions of flight
 r - 8 potions of haste
 u - 9 potions of curing
 w - 2 potions of invisibility
 x - 4 potions of berserk rage
 z - 4 potions of resistance
 E - a potion of agility
Books
 v - a Necronomicon

   Spells                             Type                      Level
   a - Haunt                          Necromancy/Summoning         7
   b - Borgnjor's Revivification      Necromancy                   8
   c - Death's Door                   Charms/Necromancy            8
   d - Necromutation                  Transmutation/Necromancy     8
Comestibles
 e - 26 bread rations
 l - 6 fruits
 A - 9 meat rations
 V - 29 royal jellies


   Skills:
 + Level 18.0 Fighting
 + Level 21.3 Long Blades
   Level 0.8 Maces & Flails
 + Level 17.0 Armour
 + Level 9.2 Dodging
 + Level 2.2 Stealth
 + Level 20.6 Shields
 + Level 2.4 Invocations
 + Level 0.1 Evocations


You had 17 spell levels left.
You didn't know any spells.

Dungeon Overview and Level Annotations

Branches:
Dungeon (15/15)            Temple (1/1) D:6            Lair (8/8) D:9
  Swamp (4/4) Lair:5       Spider (4/4) Lair:5        Slime (0/6) Lair:7
    Orc (4/4) D:11            Elf (1/3) Orc:3        Vaults (0/5) D:13
 Depths (0/5) D:15

Altars:
Ashenzari
Cheibriados
Dithmenos
Elyvilon
Fedhas
Gozag
Kikubaaqudgha
Makhleb
Nemelex Xobeh
Okawaru
Qazlal
Ru
Sif Muna
Trog
Vehumet
Xom
Yredelemnul
Zin
The Shining One
Beogh
Jiyva

Shops:
D:8 =   D:11 }   D:12 }   D:13 [   Orc:2 }   Orc:3 %   Orc:4 :*[(

Annotations:
D:13 exclusion: orange crystal statue


Innate Abilities, Weirdness & Mutations

You reflexively headbutt those who attack you in melee.
You have a pair of horns on your head.
Your flesh is heat resistant.


Message History

The bone dragon is heavily damaged.
You block the bone dragon's attack. The bone dragon claws you.
* * * LOW HITPOINT WARNING * * *
The bone dragon tramples you but does no damage.
Unknown command.
Drink which item? (? for menu, Esc to quit)
You feel better.
The starcursed mass shrieks in your mind.
* * * LOW HITPOINT WARNING * * *
The bone dragon bites you!
* * * LOW HITPOINT WARNING * * *
The bone dragon closely misses you. You block the bone dragon's attack.
A smoke demon and a ynoxinul come into view.
Drink which item? (? for menu, Esc to quit)
You feel better.
The smoke demon roars!
You feel ill.
The orange demon stings you but does no damage.
The starcursed mass shrieks in your mind.
You die...

... #. .## . .
...3#... .#. ..#. .
. ... . . . ... ..
. #.....# ...#
#...# #.. ..# # .##
##.## #.## ##
..###...###...##
..#..
..#.....#2....#..
..
......x..@DX.......
. .
...#.....#.....#..
# . ###..4###...##
#.# . ##.## #.## .
#. . #..) # ...# ..
. . .....#.. ..#
... ...........
..... #. . .#3....#
....#.. #
...###...###.. ###.


You could see a bone dragon, a starcursed mass, a blizzard demon, an orange
demon, an ancient zyme, a smoke demon and a ynoxinul.

Vanquished Creatures
  An ancient lich (Abyss:1)
  A bone dragon (Abyss:1)
  Arachne (Spider:3)
  Jorgrun (Swamp:4)
  The ghost of Kloppie the Tortoise, an adept MiFi of Okawaru (Spider:4)
  An eldritch tentacle (Abyss:1)
  A tentacled starspawn (Abyss:1)
  Agnes (Spider:3)
  A thorn hunter (Swamp:4)
  Roxanne (Spider:3)
  4 ghost moths
  Donald (Spider:2)
  Maud (D:10)
  An orc warlord (Orc:4)
  Louise (Swamp:1)
  A balrug (Abyss:1)
  A frost giant (IceCv)
  6 emperor scorpions (Spider:4)
  A minotaur (Lab)
  Josephine (D:15)
  A fire dragon (D:15)
  2 ettins
  3 entropy weavers
  A deep elf high priest (Elf:1)
  30 hydras
  An ice dragon (D:15)
  2 catoblepae
  A ghost crab (Swamp:4)
  3 centaur warriors
  15 death yaks
  4 alligators
  2 thrashing horrors (Abyss:1)
  A queen ant (Spider:4)
  Urug (Lair:3)
  2 orc high priests
  Nergalle (Orc:4)
  3 deep elf knights (Elf:1)
  3 wretched stars (Abyss:1)
  5 unseen horrors
  A shadow wraith (D:13)
  4 starcursed masses (Abyss:1)
  8 hill giants
  3 spriggan druids
  10 swamp dragons
  2 lindwurms
  3 shambling mangroves
  Pikel (D:5)
  A necromancer (D:12)
  A wizard (Swamp:1)
  2 deep elf summoners (Elf:1)
  11 orb spiders
  4 griffons
  8 ugly things
  16 wolf spiders
  3 manticores
  7 deep elf conjurers
  4 orc knights
  Eustachio (D:5)
  4 cyclopes
  7 black mambas
  7 hornets
  3 orc sorcerers
  21 elephants
  An ice statue (IceCv)
  An eye of devastation (Abyss:1)
  2 torpor snails
  3 centaur skeletons
  A gargoyle (D:13)
  A fire drake (Lair:6)
  5 komodo dragons
  10 demonic crawlers
  24 spiny frogs
  2 efreet
  A kobold demonologist (D:13)
  17 jumping spiders
  3 two-headed ogres
  A freezing wraith (D:12)
  5 deep elf priests (Elf:1)
  2 hellwings (Abyss:1)
  A queen bee (Spider:2)
  7 giant leeches
  25 polar bears
  7 bog bodies
  33 blink frogs
  3 boulder beetles
  7 trolls
  An ancient zyme (Abyss:1)
  7 raiju
  5 slime creatures (Swamp:2)
  20 trapdoor spiders
  10 deep elf magi
  6 wraiths
  3 flying skulls
  9 shadows
  6 spriggans
  17 tarantellas
  43 redbacks
  81 yaks
  36 wolves
  15 hippogriffs
  6 hungry ghosts
  A steam dragon (D:12)
  Grum (D:11)
  The ghost of Musteatbrain the Skirmisher, an amateur DsFi (D:3)
  15 vampire mosquitoes
  4 wyverns
  2 basilisks
  3 chaos spawn (Abyss:1)
  A mottled dragon (D:15)
  7 deep elf fighters
  10 wargs
  8 insubstantial wisps
  4 hell hounds (Lair:8)
  8 spiders
  Duvessa (D:7)
  8 swamp drakes
  17 water moccasins
  16 soldier ants
  2 eyes of draining
  25 orc warriors
  12 porcupines
  19 swamp worms
  15 black bears
  5 necrophages
  4 sky beasts
  11 wasps
  9 ogres
  4 phantoms
  A slave (D:5)
  5 ice beasts
  6 crocodiles
  14 centaurs
  A large abomination (Abyss:1)
  19 giant frogs
  A brain worm (Lair:4)
  4 big kobolds
  Dowan (D:7)
  4 wyvern zombies
  A wyvern skeleton (D:10)
  6 small abominations (Abyss:1)
  23 wights
  2 scorpions
  33 killer bees
  A vampire bat (D:5)
  4 quasits
  17 hounds
  10 crimson imps
  An electric eel (Lair:4)
  6 giant frog zombies
  A spectral wasp (D:10)
  6 jellies
  31 orc priests
  3 giant frog skeletons (D:12)
  33 orc wizards
  6 centaur zombies
  5 iguanas
  An iron imp (Abyss:1)
  A gnoll shaman (D:6)
  3 hell rats (D:14)
  4 sheep
  26 worker ants
  A hound zombie (D:7)
  2 hound skeletons
  3 worker ant zombies
  34 river rats
  10 adders
  4 gnolls (D:6)
  4 shadow imps
  A white imp (Abyss:1)
  An ufetubus (Abyss:1)
  4 worms
  150 orcs
  A ball python (D:4)
  3 bat skeletons (D:5)
  2 bat zombies (D:5)
  6 giant cockroaches
  5 hobgoblins
  30 kobolds
  A quokka (D:12)
  5 bats
  6 giant geckos
  4 giant newts
  7 goblins
  14 jackals
  A quokka skeleton (D:7)
  7 rats
  3 briar patches (Swamp:4)
  5 fungi
  4 plants
1479 creatures vanquished.

Vanquished Creatures (others)
  A porcupine (Lair:7)
  3 slaves (D:5)
  An ufetubus (Abyss:1)
  A giant gecko (D:3)
  A briar patch (Swamp:4)
  17 eldritch tentacle segments (Abyss:1)
  5 fungi
  9 plants
  4 starspawn tentacles (Abyss:1)
  5 starspawn tentacle segments (Abyss:1)
47 creatures vanquished.

Grand Total: 1526 creatures vanquished

Notes
Turn   | Place    | Note
--------------------------------------------------------------
     0 | D:1      | Peloso the Minotaur Fighter began the quest for the Orb.
     0 | D:1      | Reached XP level 1. HP: 19/19 MP: 0/0
   122 | D:1      | Reached skill level 4 in Shields
   126 | D:1      | Reached XP level 2. HP: 27/27 MP: 1/1
   529 | D:1      | You fall through a shaft!
   595 | D:2      | Reached XP level 3. HP: 18/33 MP: 2/2
   629 | D:2      | Found a blossoming altar of Fedhas.
   662 | D:2      | Found a shattered altar of Ashenzari.
   665 | D:2      | Found a glowing golden altar of the Shining One.
   668 | D:2      | Found a stormy altar of Qazlal.
  1003 | D:2      | Found a burning altar of Makhleb.
  1416 | D:2      | Reached XP level 4. HP: 40/40 MP: 3/3
  1489 | D:3      | Reached skill level 1 in Dodging
  1552 | D:3      | Found a runed door.
  1552 | D:3      | Noticed a human
  1558 | D:3      | Found a basalt altar of Yredelemnul.
  1560 | D:3      | Noticed a hippogriff
  1647 | D:3      | Noticed Musteatbrain's ghost (amateur DsFi)
  1656 | D:3      | Killed Musteatbrain's ghost
  1656 | D:3      | Reached skill level 5 in Shields
  1656 | D:3      | Reached XP level 5. HP: 36/46 MP: 4/4
  1775 | D:3      | Reached XP level 6. HP: 45/52 MP: 5/5
  2398 | D:4      | Reached skill level 5 in Armour
  2424 | D:4      | Found a snail-covered altar of Cheibriados.
  2684 | D:5      | Entered Level 5 of the Dungeon
  2778 | D:5      | Found an ancient bone altar of Kikubaaqudgha.
  2793 | D:5      | Reached skill level 6 in Shields
  2886 | D:5      | Reached skill level 5 in Fighting
  2886 | D:5      | Reached XP level 7. HP: 27/61 MP: 6/6
  2899 | D:5      | Noticed Pikel
  2900 | D:5      | Noticed Eustachio
  2910 | D:5      | Reached skill level 5 in Long Blades
  2915 | D:5      | Killed Pikel
  2915 | D:5      | Reached skill level 7 in Shields
  2915 | D:5      | Reached XP level 8. HP: 23/69 MP: 7/7
  3286 | D:5      | Killed Eustachio
  3286 | D:5      | Reached skill level 8 in Shields
  3949 | D:6      | Reached XP level 9. HP: 47/78 MP: 8/8
  3956 | D:6      | Reached skill level 5 in Dodging
  3986 | D:6      | Found a staircase to the Ecumenical Temple.
  3995 | Temple   | Entered the Ecumenical Temple
  4028 | Temple   | Became a worshipper of Warmaster Okawaru
  4662 | D:7      | Reached skill level 9 in Shields
  4838 | D:7      | Reached * piety under Okawaru
  4906 | D:7      | Noticed Dowan
  4907 | D:7      | Noticed Duvessa
  4921 | D:7      | Killed Duvessa
  4929 | D:7      | Killed Dowan
  5302 | D:7      | Reached ** piety under Okawaru
  5631 | D:8      | Found Joukk's Jewellery Shoppe.
  5823 | D:8      | Reached skill level 10 in Shields
  5991 | D:8      | Reached XP level 10. HP: 86/86 MP: 9/9
  6710 | D:9      | Reached *** piety under Okawaru
  6733 | D:9      | Found a staircase to the Lair.
  7578 | D:10     | Entered Level 10 of the Dungeon
  7732 | D:10     | Reached skill level 11 in Shields
  7827 | D:10     | Noticed a hill giant
  7832 | D:10     | Noticed Maud
  8024 | D:10     | Killed Maud
  8024 | D:10     | Reached **** piety under Okawaru
  8024 | D:10     | Reached skill level 10 in Long Blades
  8024 | D:10     | Reached XP level 11. HP: 60/95 MP: 8/10
  8094 | D:10     | Reached skill level 1 in Invocations
  8103 | D:10     | Killed a hill giant
  8136 | D:10     | Reached skill level 12 in Shields
  8463 | D:10     | Killed an unseen horror
  8554 | D:10     | Reached ***** piety under Okawaru
  8619 | D:11     | Noticed a hill giant
  8636 | D:11     | Killed a hill giant
  8665 | D:11     | Reached skill level 1 in Stealth
  8819 | D:11     | Noticed a hill giant
  9094 | D:11     | Found Uceweodoe's Gadget Shoppe.
  9139 | D:11     | Received a gift from Okawaru
  9148 | D:11     | Killed a hill giant
  9240 | D:11     | Noticed a five-headed hydra
  9254 | D:11     | Killed a five-headed hydra
  9254 | D:11     | Reached skill level 10 in Fighting
  9254 | D:11     | Reached skill level 13 in Shields
  9271 | D:11     | Noticed Grum
  9287 | D:11     | Killed Grum
  9312 | D:11     | Found a staircase to the Orcish Mines.
  9720 | D:12     | Noticed a six-headed hydra
  9748 | D:12     | Killed a six-headed hydra
  9943 | D:12     | Found Tetoho Cais's Gadget Shop.
  9964 | D:12     | Reached XP level 12. HP: 104/106 MP: 12/12
  9971 | D:12     | Reached skill level 10 in Armour
 10295 | D:12     | Noticed a necromancer
 10312 | D:12     | Killed a necromancer
 10327 | D:12     | Reached skill level 14 in Shields
 10742 | D:12     | Received a gift from Okawaru
 10745 | D:12     | Got a steaming scimitar {god gift}
 10746 | D:12     | Identified the +4 scimitar of Oplyan {venom, rN+ MR- Int+2} (Okawaru gifted it to you on level 12 of the Dungeon)
 10759 | D:12     | Found a stormy altar of Qazlal.
 10859 | D:12     | Noticed a centaur warrior
 10879 | D:12     | Killed a centaur warrior
 10994 | D:12     | Killed an unseen horror
 11489 | D:13     | Noticed an ettin
 11500 | D:13     | Killed an ettin
 11599 | D:13     | Found a gate to the Vaults.
 11759 | D:13     | Received a gift from Okawaru
 11762 | D:13     | Got an ichor-stained plate armour {god gift}
 11773 | D:13     | Identified the +0 plate armour of Distant Shores {rPois rC++ Regen+ Int-2} (Okawaru gifted it to you on level 13 of the Dungeon)
 11857 | D:13     | Reached XP level 13. HP: 77/114 MP: 13/13
 12039 | D:13     | Reached skill level 15 in Shields
 12071 | D:13     | Found Sapp's Armour Boutique.
 12076 | D:13     | Bought the +2 pair of boots of the Assassin {DetectMon Stab+ Stlth++} for 352 gold pieces
 12302 | D:13     | Got an ichor-stained falchion {drain}
 12303 | D:13     | Identified the +9 falchion of Caump {drain, MP+9 Dex-5 SInv} (You took it off a kobold on level 13 of the Dungeon)
 13291 | D:15     | Entered Level 15 of the Dungeon
 13424 | D:15     | Found a staircase to the Depths.
 13538 | D:15     | Noticed Josephine
 13560 | D:15     | Killed Josephine
 13644 | D:15     | Reached ****** piety under Okawaru
 13672 | D:15     | Received a gift from Okawaru
 15086 | Orc:1    | Entered Level 1 of the Orcish Mines
 15397 | Orc:2    | Found Ryomuoci's Gadget Emporium.
 15686 | Orc:3    | Found a staircase to the Elven Halls.
 15853 | Orc:3    | Paralysed by an orc sorcerer for 3 turns
 15861 | Orc:3    | Reached XP level 14. HP: 125/125 MP: 14/14
 15883 | Orc:3    | Found a frozen archway.
 15892 | Orc:3    | Reached skill level 16 in Shields
 15913 | IceCv    | Entered an ice cave
 16261 | IceCv    | Reached skill level 15 in Long Blades
 16393 | IceCv    | Noticed a frost giant
 16414 | IceCv    | Killed a frost giant
 17083 | Orc:3    | Found Ziveawihutz's Food Shoppe.
 17221 | Orc:4    | Entered Level 4 of the Orcish Mines
 17228 | Orc:4    | Received a gift from Okawaru
 17586 | Orc:4    | Noticed Nergalle
 17600 | Orc:4    | Killed Nergalle
 17633 | Orc:4    | Noticed an orc warlord
 17659 | Orc:4    | Killed an orc warlord
 17727 | Orc:4    | Found a roughly hewn altar of Beogh.
 17766 | Orc:4    | Reached skill level 17 in Shields
 17804 | Orc:4    | Found Pof Kuam's Antique Weapon Emporium.
 17832 | Orc:4    | Found Qasuxt's Antique Armour Emporium.
 17848 | Orc:4    | Found Hioblat's Book Emporium.
 17866 | Orc:4    | Found Ubuzisoh's General Store.
 18610 | Orc:1    | Found a deep blue altar of Sif Muna.
 18946 | Lair:1   | Entered Level 1 of the Lair of Beasts
 19049 | Lair:1   | Identified the Grimoire of Enchantment
 19977 | Lair:2   | Gained mutation: Your muscles are strong. (Str +2) [potion of beneficial mutation]
 20166 | Lair:2   | Received a gift from Okawaru
 20182 | Lair:2   | Got a crude double sword {god gift}
 20183 | Lair:2   | Identified the +6 double sword of the Last Beggars {elec, *Confuse rC+ Stlth+} (Okawaru gifted it to you on level 2 of the Lair of Beasts)
 20847 | Lair:3   | HP: 3/128 [death yak (17)]
 20862 | Lair:3   | Reached XP level 15. HP: 42/137 MP: 15/15
 21243 | Lair:3   | Noticed Urug
 21254 | Lair:3   | Killed Urug
 21726 | Lair:4   | Found a labyrinth entrance.
 21743 | Lab      | Entered a labyrinth
 21927 | Lab      | Got a shimmering steel ring
 21931 | Lab      | Identified the ring "Teryinne" {-Tele rElec rN+ Str+8} (You found it in a labyrinth)
 21936 | Lab      | Got a dazzling troll leather armour
 21950 | Lab      | Identified the cursed +1 troll leather armour of the Countless Wishes {Regen+ Str+6 Dex+3} (You found it in a labyrinth)
 22101 | Lair:4   | Received a gift from Okawaru
 22249 | Lair:4   | Gained mutation: You have a pair of large horns on your head. [potion of beneficial mutation]
 23099 | Lair:5   | Identified a scroll of acquirement
 23102 | Lair:5   | Got a faintly humming shield
 23113 | Lair:5   | Identified the -6 shield "Haufiutie" {+Inv rElec Regen+ Dex-2} (You acquired it on level 5 of the Lair of Beasts)
 23125 | Lair:5   | Reached skill level 18 in Shields
 23167 | Lair:5   | Found a staircase to the Swamp.
 23203 | Lair:5   | Found a hole to the Spider Nest.
 24907 | Lair:7   | Found a viscous altar of Jiyva.
 24907 | Lair:7   | Found a staircase to the Slime Pits.
 25081 | Lair:7   | Received a gift from Okawaru
 25428 | Lair:8   | Entered Level 8 of the Lair of Beasts
 25646 | Lair:8   | Reached skill level 15 in Fighting
 25683 | Lair:8   | Reached XP level 16. HP: 140/149 MP: 16/16
 25919 | Lair:8   | Found a bloodstained altar of Trog.
 26510 | Lair:8   | Received a gift from Okawaru
 27087 | Spider:1 | Entered Level 1 of the Spider Nest
 27332 | Spider:1 | Lost mutation: You have a pair of large horns on your head. [potion of cure mutation]
 27332 | Spider:1 | Lost mutation: Your muscles are strong. (Str +2) [potion of cure mutation]
 27516 | Spider:1 | Received a gift from Okawaru
 28176 | Spider:2 | Noticed Donald
 28185 | Spider:2 | Killed Donald
 28834 | Spider:3 | Received a gift from Okawaru
 28850 | Spider:3 | Noticed Agnes
 28867 | Spider:3 | Killed Agnes
 28867 | Spider:3 | Reached skill level 19 in Long Blades
 28995 | Spider:3 | Noticed Roxanne
 29019 | Spider:3 | Killed Roxanne
 29208 | Spider:3 | Noticed Arachne
 29236 | Spider:3 | Killed Arachne
 29368 | Spider:3 | Got an encrusted great mace
 29369 | Spider:3 | Identified the +9 great mace "Veuximij" {elec, *Drain rPois Str+2} (You found it on level 3 of the Spider Nest)
 29651 | Spider:4 | Entered Level 4 of the Spider Nest
 29657 | Spider:4 | Reached skill level 15 in Armour
 29664 | Spider:4 | Noticed Kloppie's ghost (adept MiFi)
 29772 | Spider:3 | HP: 5/152 [wolf spider (10)]
 29772 | Spider:3 | HP: 1/152 [tarantella (4)]
 29998 | Spider:4 | Reached XP level 17. HP: 157/159 MP: 10/17
 30011 | Spider:4 | Killed Kloppie's ghost
 30325 | Spider:4 | Received a gift from Okawaru
 30434 | Spider:4 | HP: 4/160 [something (7)]
 30438 | Spider:4 | HP: 1/160 [disintegration (28)]
 30767 | Spider:4 | Got a gossamer rune of Zot
 30984 | Spider:4 | Got an ancient flail
 30985 | Spider:4 | Identified the cursed +1 flail "Mijisic" {drain, rPois rF+ Str+4} (You found it on level 4 of the Spider Nest)
 32099 | Swamp:1  | Entered Level 1 of the Swamp
 32304 | Swamp:1  | Noticed Louise
 32309 | Swamp:1  | Reached skill level 20 in Long Blades
 32337 | Swamp:1  | Killed Louise
 32866 | Swamp:2  | Found a blossoming altar of Fedhas.
 33860 | Swamp:3  | Received a gift from Okawaru
 33863 | Swamp:3  | Got a smoking scimitar {god gift}
 33864 | Swamp:3  | Identified the +1 scimitar of Woac {drain, rF- rC++} (Okawaru gifted it to you on level 3 of the Swamp)
 33867 | Swamp:3  | Gained mutation: Your flesh is heat resistant. [potion of beneficial mutation]
 34161 | Swamp:3  | Reached XP level 18. HP: 162/170 MP: 18/18
 34395 | Swamp:4  | Entered Level 4 of the Swamp
 34444 | Swamp:4  | Noticed Jorgrun
 34457 | Swamp:4  | Killed Jorgrun
 34744 | Swamp:4  | Received a gift from Okawaru
 35102 | Swamp:4  | Got a decaying rune of Zot
 36515 | Elf:1    | Entered Level 1 of the Elven Halls
 36670 | Elf:1    | Found a deep blue altar of Sif Muna.
 37410 | Elf:1    | Reached skill level 21 in Long Blades
 37444 | Elf:1    | Got a vibrating amethyst amulet
 37446 | Elf:1    | Identified the amulet "Plog" {Spirit rPois MR- Dex+8} (You found it on level 1 of the Elven Halls)
 37473 | Elf:1    | Cast into the Abyss (deep elf summoner)
 37473 | Abyss:1  | Found a corrupted altar of Lugonu.
 37777 | Abyss:1  | Lost intelligence.
 37937 | Abyss:1  | Noticed a bone dragon
 37962 | Abyss:1  | Lost intelligence.
 37968 | Abyss:1  | Killed a bone dragon
 37983 | Abyss:1  | Noticed an ancient lich
 38020 | Abyss:1  | Killed an ancient lich
 38020 | Abyss:1  | Received a gift from Okawaru
 38071 | Abyss:1  | Paralysed by accursed screaming for 1 turns
 38074 | Abyss:1  | Noticed a bone dragon
 38084 | Abyss:1  | HP: 5/172 [bone dragon (6)]
 38085 | Abyss:1  | HP: 1/172 [bone dragon (8)]
 38086 | Abyss:1  | Killed from afar by a starcursed mass

Action                   |  1- 3 |  4- 6 |  7- 9 | 10-12 | 13-15 | 16-18 || total
-------------------------+-------+-------+-------+-------+-------+-------++-------
Melee: Long sword        |    97 |   128 |   324 |   207 |       |       ||   756
       Falchion          |       |       |       |   751 |     7 |       ||   758
       Scimitar          |       |       |       |   189 |  1439 |  1076 ||  2704
       Whip              |       |       |       |    29 |     8 |       ||    37
       Double sword      |       |       |       |       |   419 |   819 ||  1238
Invok: Heroism           |       |       |       |     8 |     4 |     3 ||    15
       Finesse           |       |       |       |       |       |     1 ||     1
Evoke: Wand              |       |       |       |       |     2 |       ||     2
  Use: Potion            |       |     1 |     1 |     1 |     3 |    16 ||    22
       Scroll            |       |       |     9 |    14 |    19 |     8 ||    50
 Stab: Distracted        |       |       |       |       |       |     1 ||     1
       Confused          |       |       |       |       |       |     1 ||     1
  Eat: Chunk             |     2 |     4 |    11 |    26 |    48 |    24 ||   115
       Fruit             |       |       |     2 |     2 |       |    18 ||    22
       Pizza             |       |       |       |     1 |     1 |     1 ||     3
       Beef jerky        |       |       |       |     2 |       |     3 ||     5
       Bread ration      |       |       |       |       |       |     1 ||     1
